 Dungeon Crawl Stone Soup version 0.29.1-12-g30fa7ad0bf (webtiles) character file.

Game seed: 17964739923912786809

8296 sanboga the Cleaver (level 11, -1/151 HPs)
             Began as a Minotaur Berserker on Jan 12, 2023.
             Was a High Priest of Trog.
             Slain by a 12-headed hydra (3 damage)
             ... on level 9 of the Dungeon.
             The game lasted 00:10:57 (7770 turns).

sanboga the Cleaver (Minotaur Berserker)            Turns: 7770, Time: 00:10:57

Health: -1/151     AC: 18    Str: 26    XL:     11   Next: 8%
Magic:  10/10      EV: 12    Int:  4    God:    Trog [*****.]
Gold:   451        SH:  5    Dex: 10    Spells: 10/10 levels left

rFire   + . .      SeeInvis .   u - +2 battleaxe
rCold   . . .      Faith    .   (shield currently unavailable)
rNeg    . . .      Spirit   .   p - +0 plate armour
rPois   +          Reflect  +   (helmet restricted)
rElec   .          Harm     .   s - +0 cloak
rCorr   +          Rampage  .   y - -1 pair of gloves "Lextih" {-Cast +Blink Regen+}
Will    .....      NoCast   +   B - +0 pair of boots
Stlth   ..........              l - amulet of reflection
HPRegen 1.15/turn               n - +4 ring of evasion
MPRegen 0.12/turn               g - ring of Liberty {Drain rPois rF+ rCorr Slay+2}

@: berserking (expiring), very quick
A: horns 2, retaliatory headbutt
a: Renounce Religion, Evoke Blink, Berserk, Trog's Hand, Brothers in Arms


You were on level 9 of the Dungeon.
You worshipped Trog.
Trog was extremely pleased with you.
You visited 1 branch of the dungeon, and saw 9 of its levels.
You also visited: Ossuary and Bailey.

You collected 451 gold pieces.

Inventory:

Hand Weapons
 u - a +2 battleaxe (weapon)
Armour
 p - a +0 plate armour (worn)
 s - a +0 cloak (worn)
 y - the -1 pair of gloves "Lextih" (worn) {-Cast +Blink Regen+}
   (You found it on level 4 of the Dungeon)

   +Blink:    It lets you blink.
   -Cast:     It prevents spellcasting.
   Regen:     It increases your rate of health regeneration.
 B - a +0 pair of boots (worn)
Jewellery
 g - the ring of Liberty (right hand) {Drain rPois rF+ rCorr Slay+2}
   (You found it on level 8 of the Dungeon)

   [ring of poison resistance]

   Slay:      It affects your accuracy & damage with ranged weapons and melee
   (+2).
   rF:        It protects you from fire.
   rPois:     It protects you from poison.
   rCorr:     It protects you from acid and corrosion.
   Drain:     It drains your maximum health when unequipped.
 l - an amulet of reflection (around neck)
 n - a +4 ring of evasion (left hand)
Wands
 b - a wand of mindburst (33)
 o - a wand of iceblast (14)
 C - a wand of flame (5)
 D - a wand of charming (11)
 G - a wand of quicksilver (21)
Scrolls
 d - a scroll of fog
 h - a scroll of teleportation
 k - a scroll of fear {unknown}
 m - 3 scrolls of enchant weapon
 t - a scroll of magic mapping {unknown}
 v - a scroll of summoning
 w - 3 scrolls of brand weapon
 A - a scroll of identify
 J - a scroll of poison
Potions
 a - a potion of degeneration {unknown}
 c - 3 potions of curing
 e - 6 potions of heal wounds {unknown}
 i - 2 potions of mutation {unknown}
 j - 4 potions of might
 q - 4 potions of magic {unknown}
 r - 2 potions of flight
 x - 3 potions of attraction {unknown}
 z - 5 potions of haste {unknown}
 E - 3 potions of cancellation {unknown}
 F - 3 potions of resistance {unknown}
 H - a potion of invisibility {unknown}


   Skills:
 + Level 10.9 Fighting
 * Level 14.7 Axes
 + Level 10.6 Armour
 - Level 2.1 Dodging


You had 10 spell levels left.
You didn't know any spells.
Your spell library was empty.

Dungeon Overview and Level Annotations

Branches:
Dungeon (9/15)             Temple (0/1) D:6         Ossuary (visited)
 Bailey (visited)
   Lair: D:8-11         Orc: D:9-12

Altars:
Elyvilon
Hepliaklqana
Kikubaaqudgha
Okawaru
Trog
Uskayaw
Vehumet
Xom
Lugonu

Annotations:
D:7 2 transporters


Innate Abilities, Weirdness & Mutations

You have a pair of horns on your head.
You reflexively headbutt those who attack you in melee.


Message History

The eight-headed hydra barely misses you.
The eight-headed hydra bites you.
* * * LOW HITPOINT WARNING * * *
The eight-headed hydra misses you.
The eight-headed hydra bites you but does no damage. x2
The eight-headed hydra barely misses you.
The eight-headed hydra bites you but does no damage.
You chop one of the eight-headed hydra's heads off!
The seven-headed hydra grows two more!
You slice the nine-headed hydra!! You headbutt the nine-headed hydra!!
The nine-headed hydra is almost dead.
You slice one of the ten-headed hydra's heads off!
The nine-headed hydra grows two more!
You slash the 11-headed hydra!
You slice one of the nine-headed hydra's heads off!
The eight-headed hydra grows two more!
You slice the ten-headed hydra!!
You kill the ten-headed hydra!
Trog accepts your kill.
You chop one of the 11-headed hydra's heads off!
The ten-headed hydra grows two more!
You slice the 12-headed hydra!! The 12-headed hydra closely misses you.
The 12-headed hydra bites you but does no damage. x2
The 12-headed hydra bites you.
* * * LOW HITPOINT WARNING * * *
The 12-headed hydra bites you but does no damage.
The 12-headed hydra closely misses you.
The 12-headed hydra bites you but does no damage.
You block the 12-headed hydra's attack.
The 12-headed hydra bites you but does no damage. x2
The 12-headed hydra bites you.
* * * LOW HITPOINT WARNING * * *
The 12-headed hydra barely misses you.
The orc warrior shoots a bolt.
The bolt misses you. The 12-headed hydra bites you.
* * * LOW HITPOINT WARNING * * *
The 12-headed hydra bites you.
* * * LOW HITPOINT WARNING * * *
The 12-headed hydra misses you.
The 12-headed hydra bites you but does no damage. x4
The 12-headed hydra bites you.
You die...

#.#..........####.........
##..................####..
##..........######## ###
##....o...## #.....).##
#.......# #.......##
#........## #.....@...#
#..:.D........
#..............
##........##### #......###
###....# ##...# ##..#


You could see a 12-headed hydra and an orc warrior.

Vanquished Creatures
  A hydra (D:9)
  Pikel (D:7)
  A cyclops (D:9)
  An orc knight (Bailey)
  A manticore (D:9)
  Joseph (D:7)
  Grinder (D:3)
  Sigmund (D:4)
  3 wyverns
  5 yaks (D:6)
  Eustachio (D:4)
  Edmund (D:5)
  An acid dragon (D:9)
  A water moccasin (D:8)
  An orc warrior (D:9)
  A sky beast (D:7)
  An ogre (D:7)
  3 black bears
  An ice beast (D:8)
  7 centaurs
  A lemure (D:7)
  A phantom (D:6)
  Blork the orc (D:6)
  A kobold brigand (D:7)
  A bullfrog (D:8)
  2 necrophages
  A gnoll sergeant (D:9)
  11 wights
  9 killer bees
  4 howler monkeys
  2 hounds
  Crazy Yiuf (D:2)
  5 orc priests
  2 jellies (D:5)
  Jessica (D:3)
  3 iguanas (D:5)
  3 orc wizards
  2 mummies
  15 gnolls
  9 adders
  2 shadow imps (D:5)
  4 white imps
  3 ufetubi
  2 dart slugs
  32 orcs
  4 spectral bats (Ossuary)
  5 endoplasms
  4 giant cockroaches
  11 goblins
  10 hobgoblins
  5 jackals (D:2)
  3 quokkas
  7 ball pythons
  7 bats
  3 bat simulacra (Ossuary)
  4 frilled lizards
  12 gnoll zombies (Ossuary)
  3 goblin simulacra (Ossuary)
  8 goblin zombies
  4 hobgoblin zombies (Ossuary)
  6 kobolds
  8 kobold simulacra (Ossuary)
  4 kobold zombies (Ossuary)
  4 orc zombies (Ossuary)
  6 rats
  2 rat simulacra (Ossuary)
  3 spectral goblins (Ossuary)
  3 spectral kobolds (Ossuary)
  2 spectral rats (Ossuary)
280 creatures vanquished.

Vanquished Creatures (others)
  A vampire (D:9)
  5 fungi (D:2)
  5 plants
11 creatures vanquished.

Grand Total: 291 creatures vanquished

Notes
Turn   | Place    | Note
-------+----------+-------------------------------------------
     0 | D:1      | sanboga the Minotaur Berserker began the quest for the Orb.
     0 | D:1      | Reached XP level 1. HP: 19/19 MP: 0/0
   200 | D:1      | Reached skill level 4 in Axes
   458 | D:1      | Reached XP level 2. HP: 22/27 MP: 1/1
  1548 | D:2      | Reached XP level 3. HP: 33/33 MP: 2/2
  1684 | D:2      | Found a faded altar of an unknown god.
  1981 | D:2      | Found a runed translucent door.
  1982 | D:2      | Noticed Crazy Yiuf
  2212 | D:2      | Killed Crazy Yiuf
  2213 | D:2      | Reached skill level 5 in Axes
  2213 | D:2      | Reached XP level 4. HP: 15/41 MP: 3/3
  2482 | D:3      | Reached XP level 5. HP: 43/47 MP: 4/4
  2605 | D:3      | Reached ** piety under Trog
  2688 | D:3      | Noticed Grinder
  2710 | D:3      | Killed Grinder
  2711 | D:3      | Reached skill level 5 in Fighting
  2711 | D:3      | Reached skill level 6 in Axes
  2711 | D:3      | Reached XP level 6. HP: 16/56 MP: 5/5
  2998 | D:3      | Noticed Jessica
  3006 | D:3      | Killed Jessica
  3134 | D:3      | Reached skill level 7 in Axes
  3441 | D:4      | Identified the -1 pair of gloves "Lextih" {-Cast +Blink
                  | Regen+}
  3515 | D:4      | Found an iron altar of Okawaru.
  3597 | D:4      | Reached skill level 5 in Armour
  3616 | D:4      | Noticed Eustachio
  3625 | D:4      | Reached XP level 7. HP: 62/62 MP: 6/6
  3628 | D:4      | Killed Eustachio
  3630 | D:4      | Reached *** piety under Trog
  3698 | D:4      | Reached skill level 8 in Axes
  3761 | D:4      | Noticed Sigmund
  3777 | D:4      | Killed Sigmund
  3778 | D:4      | Reached XP level 8. HP: 44/71 MP: 7/7
  3963 | D:5      | Entered Level 5 of the Dungeon
  3965 | D:5      | Found a large runed translucent door.
  3966 | D:5      | Found a large runed translucent door.
  4020 | D:5      | Found a bloodstained altar of Trog.
  4033 | D:5      | Found a white marble altar of Elyvilon.
  4060 | D:5      | Found a shimmering altar of Xom.
  4061 | D:5      | Found a hazy altar of Hepliaklqana.
  4062 | D:5      | Noticed a spectral ugly thing
  4150 | D:5      | Reached skill level 9 in Axes
  4240 | D:5      | Noticed a +0 falchion
  4241 | D:5      | Noticed a +0 falchion
  4242 | D:5      | Noticed a +0 dagger
  4242 | D:5      | Noticed a +0 short sword
  4242 | D:5      | Noticed a +0 spear
  4242 | D:5      | Noticed a +0 spear
  4243 | D:5      | Noticed a +0 short sword
  4243 | D:5      | Noticed a +0 dagger
  4245 | D:5      | Found a hide-covered altar of Uskayaw.
  4292 | D:5      | Found an ancient bone altar of Kikubaaqudgha.
  4459 | D:5      | Noticed Edmund
  4474 | D:5      | Killed Edmund
  4676 | D:5      | Reached skill level 10 in Axes
  4846 | D:6      | Reached XP level 9. HP: 81/81 MP: 8/8
  4854 | D:6      | Reached skill level 11 in Axes
  4951 | D:6      | Found a staircase to the Ecumenical Temple.
  5082 | D:6      | Noticed Blork the orc
  5088 | D:6      | Killed Blork the orc
  5210 | D:6      | Reached **** piety under Trog
  5369 | D:7      | Noticed Pikel
  5382 | D:7      | Killed Pikel
  5383 | D:7      | Reached skill level 12 in Axes
  5391 | D:7      | Noticed Joseph
  5407 | D:7      | Killed Joseph
  5420 | D:7      | Noticed a purple ugly thing
  5421 | D:7      | Noticed a brown ugly thing
  5421 | D:7      | Noticed a red ugly thing
  5424 | D:7      | Noticed an ancient zyme
  5425 | D:7      | Noticed a brown ugly thing
  5531 | D:7      | Found a flagged portal.
  5543 | Bailey   | Entered a bailey
  5693 | Bailey   | Noticed an orc knight
  5703 | Bailey   | Killed an orc knight
  5704 | Bailey   | Reached XP level 10. HP: 28/91 MP: 9/9
  6066 | D:7      | Reached ***** piety under Trog
  6070 | D:7      | Found a radiant altar of Vehumet.
  6287 | D:7      | Found a transporter.
  6287 | D:7      | Found a transporter.
  6290 | D:7      | Found a corrupted altar of Lugonu.
  6307 | D:7      | Reached skill level 13 in Axes
  6529 | D:7      | Received a gift from Trog
  6891 | D:8      | Reached skill level 10 in Fighting
  6892 | D:8      | Identified the ring of Liberty {Drain rPois rF+ rCorr
                  | Slay+2}
  6923 | D:8      | Found a sand-covered staircase.
  6931 | Ossuary  | Entered an ossuary
  7333 | D:8      | Identified the ring of Awe {Fly rPois rC- Str+4 Int+6}
  7697 | D:9      | Reached skill level 10 in Armour
  7698 | D:9      | Reached skill level 14 in Axes
  7705 | D:9      | Noticed a cyclops
  7707 | D:9      | Noticed an eight-headed hydra
  7707 | D:9      | Noticed a six-headed hydra
  7708 | D:9      | Noticed a manticore
  7720 | D:9      | Killed a cyclops
  7722 | D:9      | Killed a manticore
  7723 | D:9      | Reached XP level 11. HP: 101/101 MP: 10/10
  7769 | D:9      | Killed a ten-headed hydra
  7770 | D:9      | HP: 6/151 [12-headed hydra (4)]
  7770 | D:9      | HP: 2/151 [12-headed hydra (4)]
  7770 | D:9      | Slain by a 12-headed hydra

Illustrated notes

Levels and vault maps discovered:
D:1:      amcnicky_arrival_abandoned_market, layout_basic, serial_park_tiny_2
D:2:      layout_loops_cross, dreamdust_ecumenical_altar_grove, hex_tiny,
          cheibrodos_gnoll_hut, uniq_crazy_yiuf_cottage
D:3:      kennysheep_six_static_rooms, layout_basic, uniq_jessica, uniq_grinder
D:4:      layout_cave_pools, mainiacjoe_overflow_paths, minmay_curled_crystal,
          uniq_sigmund, uniq_eustachio
D:5:      layout_cave_pods, regret_index_temple_of_mockery,
          nicolae_uskayaw_en_pointe, jmf_multi_god_temple2,
          mainiacjoe_overflow_cross_hatched, serial_demonic, serial_demonic_e,
          serial_demonic_c, serial_demonic_g, serial_demonic_f,
          kennysheep_generic_room_11, uniq_edmund
D:6:      layout_rooms, minmay_temple_entry_junction, uniq_blork_the_orc
D:7:      gammafunk_corrupted_shrine, layout_basic, overflow_temple_1_default,
          enter_bailey_5, kennysheep_another_room, kennysheep_donut,
          nicolae_concentric_dashed_squares_mild, hangedman_glass_garden,
          amcnicky_mini_pool_small, uniq_pikel, uniq_joseph
D:8:      layout_cave_pools, nicolae_ossuary_entry_giza, feat_on_display
D:9:      minmay_the_grid_triangle_9x9_rhombus_thin_mashed
          [minmay_the_grid_triangle_9x9_pentomino_pain,
          minmay_the_grid_triangle_9x9_prize_insulated,
          minmay_the_grid_triangle_9x9_tough_junction,
          minmay_the_grid_triangle_9x9_alien], layout_layer_cave,
          hellmonk_ghost_happy_afterlife

Skill      XL: |  1  2  3  4  5  6  7  8  9 10 |
---------------+-------------------------------+-----
Axes           | 4 5 6 7 8 10 12 14 | 14.7
Fighting       | 4 5 6 8 9 10 | 10.9
Armour         | 3 4 5 6 7 9 10 | 10.6
Dodging        | |  2.1

Action                   |  1- 3 |  4- 6 |  7- 9 | 10-12 || total
-------------------------+-------+-------+-------+-------++-------
Melee: Hand axe          |    78 |   105 |   164 |       ||   347
       Headbutt          |     7 |    16 |    47 |    34 ||   104
       Punch             |       |     1 |     3 |     1 ||     5
       War axe           |       |       |    78 |    64 ||   142
       Battleaxe         |       |       |       |   138 ||   138
Invok: Berserk           |     1 |     2 |     2 |     3 ||     8
  Use: Scroll            |       |       |    11 |     7 ||    18
 Stab: Sleeping          |       |     1 |       |       ||     1
Armor: Animal skin       |     5 |    10 |       |       ||    15
       Chain mail        |       |    23 |    77 |    17 ||   117
       Plate armour      |       |       |       |    99 ||    99
Dodge: Dodged            |    49 |    63 |   126 |   142 ||   380
Block: Other             |    10 |    20 |    63 |    53 ||   146
       Reflection        |       |       |     2 |     3 ||     5
